 Dungeon Crawl Stone Soup version 0.31-a0-744-gbc345e7fcb (webtiles) character file.

Game seed: 14568700340035791390

3768 Dittersdorf the Fighter (level 10, -2/65 HPs)
             Began as a Gargoyle Fighter on Sept 13, 2023.
             Was an Elder of Okawaru.
             Blown up by Maurice (9 damage)
             ... with a mindburst bolt
             ... on level 8 of the Dungeon.
             The game lasted 00:11:29 (7237 turns).

Dittersdorf the Fighter (Gargoyle Fighter)          Turns: 7237, Time: 00:11:30

Health: -2/65      AC: 24    Str: 24    XL:     10   Next: 16%
Magic:  0/10       EV: 13    Int:  9    God:    Okawaru [****..]
Gold:   1361       SH: 10    Dex:  9    Spells: 9/9 levels left

rFire   . . .        D - +5 flail (freeze)
rCold   . . .        w - +0 kite shield
rNeg    + . .        p - +0 chain mail
rPois   ∞            g - +0 helmet
rElec   +            i - +2 cloak
rCorr   .            (no gloves)
SInv    +            m - +0 pair of boots of Good Intentions {Will+}
Will    +....        r - amulet of guardian spirit Stlth
                     b - +5 ring of evasion
HPRegen 0.30/turn    j - ring of see invisible
MPRegen 0.12/turn

%: guardian spirit
@: no status effects
A: sickness immunity, AC +7, negative energy resistance 1, electricity
resistance, torment resistance 1, petrification resistance
a: Renounce Religion, Heroism, Finesse


You were on level 8 of the Dungeon.
You worshipped Okawaru.
Okawaru was greatly pleased with you.
You visited 1 branch of the dungeon, and saw 8 of its levels.

You collected 1361 gold pieces.

Inventory:

Hand Weapons
 D - a +5 flail of freezing (weapon)
Armour
 g - a +0 helmet (worn)
 i - a +2 cloak (worn)
 m - the +0 pair of boots of Good Intentions (worn) {Will+}
   (You found it on level 2 of the Dungeon)

   Will+:     It increases your willpower.
 p - a +0 chain mail (worn)
 w - a +0 kite shield (worn)
Jewellery
 b - a +5 ring of evasion (left hand)
 h - a ring of flight
 j - a ring of see invisible (right hand)
 r - an amulet of guardian spirit (around neck)
Wands
 q - a wand of flame (24)
 v - a wand of polymorph (13)
 y - a wand of light (11)
Scrolls
 a - a scroll of silence
 e - a scroll of fear
 f - 2 scrolls of revelation
 x - 2 scrolls of fog
 A - 2 scrolls of teleportation
Potions
 c - a potion of invisibility
 d - 2 potions of might
 k - a potion of mutation
 l - a potion of haste
 n - a potion of enlightenment
 o - 2 potions of curing {unknown}
 s - a potion of ambrosia
 u - 2 potions of degeneration {unknown}
 z - a potion of heal wounds
 B - a potion of cancellation


   Skills:
 + Level 8.5 Fighting
 + Level 7.5 Maces & Flails
 + Level 8.5 Armour
 + Level 8.5 Shields


You had 9 spell levels left.
You didn't know any spells.
Your spell library contained the following spells:

 Spells                   Type           Power      Damage    Failure   Level
 Apportation              Tloc           0%         N/A       98%         1
 Magic Dart               Conj           0%         1d3       98%         1
 Necrotise                Necr           0%         1d4       98%         1
 Blink                    Tloc           0%         N/A       99%         2
 Poisonous Vapours        Pois/Air       0%         N/A       99%         2
 Gell's Gravitas          Tloc           0%         N/A       100%        3
 Hailstorm                Conj/Ice       0%         3d3       100%        3
 Inner Flame              Hex/Fire       0%         N/A       100%        3
 Mephitic Cloud           Conj/Pois/Air  0%         N/A       100%        3
 Teleport Other           Tloc           0%         N/A       100%        3
 Flame Wave               Conj/Fire      0%         2d4       100%        4
 Manifold Assault         Tloc           0%         N/A       100%        4
 Sticky Flame             Conj/Fire      0%         2d3       100%        4
 Freezing Cloud           Conj/Ice/Air   0%         6-21      100%        5
 Dispersal                Tloc           0%         N/A       100%        6
 Summon Small Mammal      Summ           Unusable   N/A       N/A         1
 Call Imp                 Summ           Unusable   N/A       N/A         2
 Summon Ice Beast         Ice/Summ       Unusable   N/A       N/A         4
 Simulacrum               Ice/Necr       Unusable   N/A       N/A         6

Dungeon Overview and Level Annotations

Branches:
Dungeon (8/15)             Temple (0/1) D:5
   Lair: D:8-11

Altars:
Gozag
Makhleb
Okawaru
The Shining One

Shops:
D:1 *

Annotations:
D:8 Maurice


Innate Abilities, Weirdness & Mutations

You are immune to sickness and miasma.
Your stone body is resilient. (AC +7)
You are immune to poison.
You resist negative energy. (rN+)
You are resistant to electric shocks. (rElec)
You are resistant to unholy torment.
You are immune to petrification.


Message History

Maurice blinks!
You hit the steam dragon but do no damage.
The steam dragon is heavily wounded.
You block the steam dragon's attack. The steam dragon closely misses you.
The steam dragon barely misses you. The steam dragon closely misses you.
You sock the steam dragon! You freeze the steam dragon.
The steam dragon is almost dead.
You are engulfed in a cloud of scalding steam.
The steam dragon breathes steam at you. The ball of steam hits you.
* * * LOW HITPOINT WARNING * * *
You thump the steam dragon! You freeze the steam dragon.
You kill the steam dragon!
Okawaru accepts your kill.
Unknown command.
Throw: dart (curare)
Press: ? - help, Q - select action, (/) - cycle Shift-Dir - straight line, f - Maurice
Aim: Maurice, wielding a +0 short sword, wearing a +0 cloak, wearing a ring of positive energy and carrying a wand of mindburst (severely wounded, slightly transparent, 43% to hit)
You throw a curare-tipped dart.
The curare-tipped dart closely misses Maurice.
Maurice zaps a wand.
You easily resist.
You closely miss Maurice.
Maurice is severely wounded.
Maurice shouts, "HAHA!"
You block Maurice's attack.
Maurice mumbles some strange words.
Maurice blinks!
You see here a sky beast corpse.
Maurice casts a spell.
Maurice blinks!
You see here a +6 ring of intelligence.
Maurice says, "Lost something?"
You see here a sky beast corpse.
Maurice zaps a wand.
You easily resist.
Maurice zaps a wand.
Your mind is blasted!
* * * LOW HITPOINT WARNING * * *
You start resting.
Maurice is nearby!
Maurice zaps a wand.
Your mind is blasted!
You die...

#.#..§§≈.$.
#.....~≈.#
#...D§~≈#(# #######
#...§.~≈.$# #.....#
#..§~.§§≈..
##.###.###.....#§§≈.
#....†=@...(....#§≈≈
##.@##.......#...#~~
##.@###########.....
#.......# #....
###.###.# ..## #.#
##.## #.# #...# #.#
#...# #.# #.##...#
#.# #....... #.#
##..


You could see Maurice.

Vanquished Creatures
  Jeremiah (D:8)
  Sigmund (D:4)
  2 steam dragons (D:8)
  A water moccasin (D:8)
  Duvessa (D:7)
  5 sky beasts
  2 ice beasts (D:6)
  4 ogres
  2 centaurs
  3 phantoms
  A kobold brigand (D:5)
  A bullfrog (D:8)
  4 scorpions
  A gnoll sergeant (D:5)
  5 wights (D:7)
  Dowan (D:7)
  3 orc priests
  3 hounds
  3 jellies
  2 sleepcaps
  A gnoll bouda (D:4)
  5 iguanas
  4 orc wizards
  4 gnolls (D:4)
  10 adders
  A white imp (D:5)
  4 dart slugs
  32 orcs
  9 endoplasms
  4 giant cockroaches
  9 goblins
  A hobgoblin (D:3)
  4 jackals
  4 quokkas
  6 ball pythons
  8 bats
  4 frilled lizards
  5 kobolds
  4 rats
165 creatures vanquished.

Vanquished Creatures (others)
  A jelly (D:8)
1 creature vanquished.

Grand Total: 166 creatures vanquished

Notes
Turn   | Place    | Note
-------+----------+-------------------------------------------
     0 | D:1      | Dittersdorf the Gargoyle Fighter began the quest for the
                  | Orb.
     0 | D:1      | Reached XP level 1. HP: 14/14 MP: 1/1
   243 | D:1      | Reached XP level 2. HP: 19/19 MP: 2/2
   351 | D:1      | Found Losaep's General Store.
   772 | D:1      | Reached XP level 3. HP: 21/23 MP: 3/3
  1022 | D:2      | Identified the +0 pair of boots of Good Intentions {Will+}
  1115 | D:2      | Found an iron altar of Okawaru.
  1123 | D:2      | Became a worshipper of Warmaster Okawaru
  1426 | D:3      | Found a glowing golden altar of the Shining One.
  1483 | D:3      | Reached XP level 4. HP: 29/29 MP: 4/4
  1544 | D:3      | Noticed a centaur
  1565 | D:3      | Killed a centaur
  1566 | D:3      | Reached XP level 5. HP: 27/33 MP: 5/5
  2405 | D:4      | Identified a scroll of acquirement
  2405 | D:4      | Acquired 857 gold pieces
  2488 | D:4      | Reached XP level 6. HP: 31/39 MP: 6/6
  2539 | D:4      | Noticed Sigmund
  2547 | D:4      | Killed Sigmund
  2547 | D:4      | Reached * piety under Okawaru
  2660 | D:4      | Reached skill level 5 in Fighting
  2660 | D:4      | Reached skill level 5 in Armour
  2660 | D:4      | Reached skill level 5 in Shields
  2660 | D:4      | Reached XP level 7. HP: 36/44 MP: 7/7
  3400 | D:4      | Found an iron altar of Okawaru.
  3469 | D:5      | Entered Level 5 of the Dungeon
  3570 | D:5      | Reached ** piety under Okawaru
  3582 | D:5      | Reached XP level 8. HP: 51/51 MP: 8/8
  3647 | D:5      | Reached skill level 5 in Maces & Flails
  3846 | D:5      | Found a staircase to the Ecumenical Temple.
  4718 | D:6      | Found a burning altar of Makhleb.
  4867 | D:6      | Found an opulent altar of Gozag.
  4884 | D:6      | Identified the +10 long sword of the Viper {freeze, Str+3}
  5090 | D:6      | Reached XP level 9. HP: 54/56 MP: 9/9
  5414 | D:6      | Reached *** piety under Okawaru
  6002 | D:7      | Noticed Dowan
  6003 | D:7      | Noticed Duvessa
  6017 | D:7      | Killed Duvessa
  6029 | D:7      | Killed Dowan
  6498 | D:8      | Noticed Jeremiah
  6546 | D:8      | Killed Jeremiah
  6546 | D:8      | Reached **** piety under Okawaru
  7036 | D:8      | Reached XP level 10. HP: 64/64 MP: 10/10
  7182 | D:8      | Noticed Maurice
  7237 | D:8      | Blown up by Maurice

Illustrated notes

Levels and vault maps discovered:
D:1:      roderic_octagonal_star, layout_basic, serial_shops,
          nicolae_shop_waterfront, minmay_tripent
D:2:      layout_rooms, basic_altar
D:3:      minmay_spotlight, layout_basic, lemuel_tele_altar,
          kennysheep_generic_room_14
D:4:      layout_loops_ring, nicolae_overflow_hidden_temple, minmay_ruptured,
          uniq_sigmund
D:5:      layout_basic, minmay_temple_entry_arrows, chequers_big_river,
          minmay_increasing_density
D:6:      layout_gridville, lightli_temple_of_fire, grunt_gozag_breadcrumbs
D:7:      layout_basic, serial_glass, glass_columns_a, glass_columns_a,
          feat_on_display, item_on_display_b, minmay_strange_pillars,
          due_unseen_surprise, uniq_duvessa
D:8:      layout_basic, hangedman_misty_isle, uniq_jeremiah, uniq_maurice

Skill      XL: |  1  2  3  4  5  6  7  8  9 |
---------------+----------------------------+-----
Fighting       | 4 5 6 8 |  8.5
Maces & Flails | 3 4 5 7 |  7.5
Armour         | 4 5 6 8 |  8.5
Shields        | 4 5 6 8 |  8.5

Action                     |  1- 3 |  4- 6 |  7- 9 | 10-12 || total
---------------------------+-------+-------+-------+-------++-------
  Melee: Flail             |   122 |   170 |   463 |    33 ||   788
         Unarmed           |       |       |    11 |       ||    11
  Throw: Dart              |       |     4 |     1 |     1 ||     6
    Use: Scroll            |       |     9 |     8 |       ||    17
 Armour: Scale mail        |    93 |       |       |       ||    93
         Chain mail        |       |   147 |   276 |    41 ||   464
         Skin              |       |       |     6 |       ||     6
  Dodge: Dodged            |    62 |    83 |   245 |    23 ||   413
  Block: Buckler           |    33 |    43 |    49 |       ||   125
         Kite shield       |       |       |   118 |    20 ||   138

Table legend: (Time is in decaauts)
 A = Elapsed time spent in this place.
 B = Non-inter-level travel time spent in this place.
 C = Inter-level travel time spent in this place.
 D = Time resting spent in this place.
 E = Time spent auto-exploring this place.
 F = Levels seen in this place.
 G = Mean time per level.
                   A        B        C        D        E       F      G
               +--------+--------+--------+--------+--------+-----+--------+
         Total |   7415 |   6975 |    440 |    552 |   4667 |   8 |  926.9 |
       Dungeon |   7415 |   6975 |    440 |    552 |   4667 |   8 |  926.9 |
               +--------+--------+--------+--------+--------+-----+--------+

Top non-repeatable levels by time:
     D:4: 1243 daAuts
     D:5: 1053 daAuts
     D:6: 977 daAuts
     D:7: 972 daAuts
     D:3: 945 daAuts
     D:1: 937 daAuts
     D:8: 798 daAuts
     D:2: 487 daAuts
